 Dungeon Crawl Stone Soup version 0.29-a0-284-gf9362112df (webtiles) character file.

Game seed: 11378351997480770376

95 timneilson the Shield-Bearer (level 4, -4/28 HPs)
             Began as a Gargoyle Fighter on Mar 27, 2022.
             Splashed by a jelly's acid (8 damage)
             ... on level 3 of the Dungeon.
             The game lasted 00:03:01 (3210 turns).

timneilson the Shield-Bearer (Gargoyle Fighter)     Turns: 3210, Time: 00:03:02

Health: -4/28      AC:  9    Str: 22    XL:     4   Next: 66%
Magic:  4/4        EV:  8    Int:  8    God:
Gold:   74         SH:  8    Dex:  9    Spells: 3/3 levels left

rFire   . . .      SeeInvis .   a - +0 long sword (vorpal)
rCold   . . .      Faith    .   h - +0 kite shield
rNeg    + . .      Spirit   .   b - +0 scale mail
rPois   ∞          Reflect  .   (no helmet)
rElec   +          Harm     .   (no cloak)
rCorr   .          Rampage  .   i - +0 pair of gloves
Will    .....                   j - +0 pair of boots
Stlth   ..........              (no amulet)
HPRegen 0.09/turn               (no ring)
MPRegen 0.09/turn               (no ring)

@: corroded
A: sickness immunity, AC +3, negative energy resistance 1, electricity
resistance, torment resistance 1, petrification resistance
a: no special abilities


You were on level 3 of the Dungeon.
You visited 1 branch of the dungeon, and saw 3 of its levels.

You collected 74 gold pieces.

Inventory:

Hand Weapons
 a - a +0 vorpal long sword (weapon)
Armour
 b - a +0 scale mail (worn)
 h - a +0 kite shield (worn)
 i - a +0 pair of gloves (worn)
 j - a +0 pair of boots (worn)
Jewellery
 l - an amulet of regeneration
Scrolls
 e - a scroll of fog {unknown}
 f - a scroll of blinking
 n - a scroll of fear {unknown}
Potions
 c - a potion of ambrosia {unknown}
 d - 3 potions of might
 g - 5 potions of curing
 k - a potion of brilliance {unknown}
 m - a potion of attraction {unknown}


   Skills:
 + Level 3.6 Fighting
 * Level 2.6 Long Blades
 * Level 3.9 Armour
 + Level 1.0 Dodging
 * Level 4.1 Shields


You had 3 spell levels left.
You didn't know any spells.
Your spell library was empty.

Dungeon Overview and Level Annotations

Branches:
Dungeon (3/15)

Altars:
Elyvilon

Shops:
D:1 *


Innate Abilities, Weirdness & Mutations

You are immune to sickness and miasma.
Your stone body is resilient. (AC +3)
You are immune to poison.
You resist negative energy. (rN+)
You are resistant to electric shocks. (rElec)
You are resistant to unholy torment.
You are immune to petrification.


Message History

No target in view!
No target in view!
No target in view!
No target in view!
No target in view!
No target in view!
No target in view!
Things that are here:
a +0 short sword; 4 stones; a kobold corpse You open the door.
A jelly and 2 endoplasms come into view.
The endoplasm quivers.
The jelly quivers.
The endoplasm quivers.
Found a bat skeleton.
Unknown command.
You hit the endoplasm.
You kill the endoplasm!
Something hits the fungus.
The fungus begins to die.
Something hits the fungus.
The fungus begins to die.
The fungus is splashed with acid.
The acid corrodes the fungus!
You hit the jelly but do no damage.
Your hands burn!
Something hits the fungus.
You block the jelly's attack. x2
You slash the jelly! The acid corrodes you!
Your hands burn!
The jelly is severely wounded.
A nearby fungus withers and dies.
The jelly barely misses you.
You barely miss the jelly.
The jelly is severely wounded.
A nearby fungus withers and dies.
You block the jelly's attack. The jelly hits you.
You are splashed with acid!
You hit the jelly but do no damage.
Your hands burn!
* * * LOW HITPOINT WARNING * * *
The jelly is severely wounded.
The jelly hits you but does no damage.
Things that are here:
a +0 short sword; 4 stones; a kobold corpse The jelly attacks as you move away!
You block the jelly's attack. The jelly attacks as you move away!
The jelly hits you but does no damage. The jelly attacks as you move away!
The jelly hits you.
* * * LOW HITPOINT WARNING * * *
You are splashed with acid!
You die...

.............#
..........)..#
.............#
.............#
##############
...#.. .#.#.# .#.#.#
### .#.#.#
#######@##
.#.#.#####....#.#J#
##.#.#.##.....#.#.#
...#..)').....#'#J#
......)))..(....#)#
######.'........#.#
# #.##.......#.# #
#####......##'J....÷
#################
#......


You could see a jelly and an endoplasm.

Vanquished Creatures
  2 adders (D:3)
  3 dart slugs
  9 orcs (D:3)
  3 bats
  6 endoplasms
  2 giant cockroaches
  3 goblins
  4 hobgoblins
  A quokka (D:3)
  5 ball pythons
  5 frilled lizards
  11 kobolds
  6 rats
60 creatures vanquished.

Vanquished Creatures (others)
  4 fungi (D:3)
  10 toadstools (D:3)
14 creatures vanquished.

Grand Total: 74 creatures vanquished

Notes
Turn   | Place    | Note
-------+----------+-------------------------------------------
     0 | D:1      | timneilson the Gargoyle Fighter began the quest for the
                  | Orb.
     0 | D:1      | Reached XP level 1. HP: 14/14 MP: 1/1
   126 | D:1      | Reached XP level 2. HP: 19/19 MP: 2/2
   443 | D:1      | Found Raberro's Assorted Antiques.
  1358 | D:2      | Reached XP level 3. HP: 23/23 MP: 3/3
  2277 | D:3      | Found a white marble altar of Elyvilon.
  2291 | D:3      | Reached XP level 4. HP: 26/28 MP: 4/4
  2337 | D:3      | Reached skill level 4 in Shields
  2428 | D:3      | Reached skill level 1 in Dodging
  2804 | D:3      | Found a faded altar of an unknown god.
  3210 | D:3      | Splashed by a jelly's acid

Illustrated notes

Levels and vault maps discovered:
D:1:      erik_arrival_cave_to_civilisation [erik_arrival_cave_to_hall],
          layout_basic, serial_shops,
          nicolae_shop_temple_entry_statues_fountains
D:2:      layout_basic, minmay_misc_feat_ornament
D:3:      cheibrodos_fertilizer, layout_basic, nicolae_overflow_crystal_walls,
          basic_ecumenical_altar

Skill      XL: |  1  2  3  4 |
---------------+-------------+-----
Long Blades    | 2 |  2.6
Shields        | 4 |  4.1
Dodging        | 1 |  1.0
Fighting       | |  3.6
Armour         | |  3.9

Action                   |  1- 3 |  4- 6 || total
-------------------------+-------+-------++-------
Melee: Long sword        |   118 |    69 ||   187
  Use: Scroll            |     5 |       ||     5
Armor: Scale mail        |    78 |    37 ||   115
Dodge: Dodged            |    50 |    28 ||    78
Block: Buckler           |     3 |       ||     3
       Kite shield       |    40 |    37 ||    77

Table legend: (Time is in decaauts)
 A = Elapsed time spent in this place.
 B = Non-inter-level travel time spent in this place.
 C = Inter-level travel time spent in this place.
 D = Time resting spent in this place.
 E = Time spent auto-exploring this place.
 F = Levels seen in this place.
 G = Mean time per level.
                   A        B        C        D        E       F      G
               +--------+--------+--------+--------+--------+-----+--------+
         Total |   3291 |   3215 |     76 |      0 |   2667 |   3 | 1097.0 |
       Dungeon |   3291 |   3215 |     76 |      0 |   2667 |   3 | 1097.0 |
               +--------+--------+--------+--------+--------+-----+--------+

Top non-repeatable levels by time:
     D:3: 1376 daAuts
     D:1: 1088 daAuts
     D:2: 826 daAuts
